 Dungeon Crawl Stone Soup version 0.30.0 (webtiles) character file.

Game seed: 7035388193776186072

740809 Meow the Archmage (level 27, -1/447 HPs)
             Began as a Naga Conjurer on Dec 22, 2023.
             Was an Initiate of Gozag.
             Slain by an emperor scorpion (5 damage)
             ... summoned by a royal mummy
             ... on level 18 of a ziggurat on Dec 23, 2023.
             The game lasted 05:40:15 (95098 turns).

Meow the Archmage (Naga Conjurer)                  Turns: 95098, Time: 05:40:15

Health: -1/447     AC: 33    Str:  8    XL:     27
Magic:  27/54      EV:  1    Int: 32    God:    Gozag
Gold:   5715       SH:  0    Dex:  6    Spells: 31/80 levels left

rFire   + . .        b - +8 frozen axe "Frostbite" {freeze, freezing cloud, *Noise Fly rC+}
rCold   + . .        (shield currently unavailable)
rNeg    + . .        d - melded +4 skin of Zhor {*Englaciate rC+++ SInv}
rPois   +            m - melded +2 helmet
rElec   +            W - melded +2 cloak of the Thief {*Fog Slay-2 SInv Stlth+}
rCorr   .            O - melded +1 pair of gloves "Nioczecoa" {rElec MP+9 SInv}
SInv    +            Y - melded +6 lightning scales {swift, rElec}
Will    +++..        H - amulet of magic regeneration
Stlth   ++           r - ring "Epnoofel" {rElec rN+ Int+2 Dex-2}
HPRegen 0.94/turn    v - ring of protection from fire
MPRegen 0.74/turn

%: no passive effects
@: tree-form (expiring), in a vortex, slightly contaminated, hasted and slowed,
studying 2 skills
A: stationary, stasis, torment immunity, boosted hp, AC +9, large, see
invisible, (deformed body), (poison resistance), (slowness 2), spit poison 1,
(naga tail 2), clumsy 1, dopey 1, mutation resistance 1, weak 1
}: 4/15 runes: decaying, slimy, silver, gossamer
a: Spit Poison, Renounce Religion, Potion Petition, Call Merchant, Bribe Branch


You were on level 18 of a ziggurat.
You worshipped Gozag.
Gozag was greatly pleased with you.
You were a tree.
You visited 12 branches of the dungeon, and saw 55 of its levels.
You visited 1 ziggurat, and saw 18 of its levels.
You also visited: Trove, Ice Cave, Wizlab and Desolation.

You collected 39483 gold pieces.
You spent 4048 gold pieces at shops.
You paid 29720 gold pieces to Gozag.

Inventory:

Hand Weapons
 a - the +3 Elemental Staff {rElec rF+ rC+ AC+3}
   (You found it on level 5 of the Pits of Slime)

   It enhances your fire, ice, earth and air magic.
   AC:        It affects your AC (+3).
   rF:        It protects you from fire.
   rC:        It protects you from cold.
   rElec:     It insulates you from electricity.
 b - the +8 frozen axe "Frostbite" (weapon) {freeze, freezing cloud, *Noise Fly rC+}
   (You acquired it on level 3 of the Crypt)

   rC:        It protects you from cold.
   Fly:       It grants you flight.
   *Noise:    It may make noises in combat.
 N - the +5 Lochaber axe {reach-cleave, Poleaxe Drain}
   (You found it on level 14 of a ziggurat)

   Poleaxe:   It uses either Axes or Polearms skill, whichever is higher.
   Drain:     It drains your maximum health when unequipped.
 Z - the +8 Vampire's Tooth {megavamp}
   (You found it on level 14 of a ziggurat)
Missiles
 h - a throwing net
 y - 13 javelins
Armour
 d - the +4 skin of Zhor (melded) {*Englaciate rC+++ SInv}
   (You found it in an ice cave)

   *Englaciate: It radiates cold, occasionally slowing all nearby creatures who
   are not resistant to cold.
   rC:        It renders you almost immune to cold.
   SInv:      It lets you see invisible.
 i - the +1 leather armour of the Endless Expanse {rN+ Regen+ rCorr}
   (You found it on level 9 of a ziggurat)

   rN:        It protects you from negative energy.
   Regen:     It increases your rate of health regeneration.
   rCorr:     It protects you from acid and corrosion.
 m - a +2 helmet (melded)
 O - the +1 pair of gloves "Nioczecoa" (melded) {rElec MP+9 SInv}
   (You found it on level 13 of the Dungeon)

   rElec:     It insulates you from electricity.
   MP:        It affects your magic capacity (+9).
   SInv:      It lets you see invisible.
 W - the +2 cloak of the Thief (melded) {*Fog Slay-2 SInv Stlth+}
   (You acquired it on level 2 of the Elven Halls)

   *Fog:      It may release a thick cloud of smoke when the wearer is hurt.
   Slay:      It affects your accuracy & damage with ranged weapons and melee
   (-2).
   SInv:      It lets you see invisible.
   Stlth:     It makes you more stealthy.
 Y - the +6 lightning scales (melded) {swift, rElec}
   (You bought it in a shop on level 1 of the Orcish Mines)

   Swift:     It allows the wearer to cover ground more swiftly.
   rElec:     It insulates you from electricity.
Jewellery
 r - the ring "Epnoofel" (left branch) {rElec rN+ Int+2 Dex-2}
   (You found it in the Desolation of Salt)

   [ring of positive energy]

   Int:       It affects your intelligence (+2).
   Dex:       It affects your dexterity (-2).
   rElec:     It insulates you from electricity.
   rN:        It protects you from negative energy.
 v - a ring of protection from fire (right branch)
 H - an amulet of magic regeneration (around neck)
Wands
 c - a wand of quicksilver (84)
 u - a wand of digging (48)
 V - a wand of roots (85)
Scrolls
 e - a scroll of brand weapon
 f - 13 scrolls of magic mapping
 l - 7 scrolls of blinking
 p - 4 scrolls of silence
 s - 23 scrolls of enchant weapon
 x - 3 scrolls of summoning
 B - 26 scrolls of teleportation
 F - 13 scrolls of immolation
 J - 11 scrolls of amnesia
 L - 2 scrolls of fear
 Q - 14 scrolls of fog
 S - 5 scrolls of torment
 T - 11 scrolls of poison
 X - 12 scrolls of enchant armour
Potions
 g - 17 potions of curing
 j - 9 potions of haste
 n - 4 potions of lignification
 o - 9 potions of resistance
 q - 18 potions of mutation
 A - 13 potions of brilliance
 C - 6 potions of invisibility
 D - 12 potions of flight
 G - 4 potions of ambrosia
 I - 5 potions of magic
 K - 8 potions of berserk rage
 P - a potion of cancellation
Miscellaneous
 k - a phantom mirror (inert)
 R - a phial of floods
 U - a lightning rod (1/4)


   Skills:
 O Level 27 Fighting
 + Level 20.1 Axes
 - Level 8.2 Armour
 - Level 8.0 Dodging
 - Level 3.0 Stealth
 O Level 27 Spellcasting
 + Level 18.2 Conjurations
 + Level 2.6 Fire Magic
 - Level 26.0 Ice Magic


You had 31 spell levels left.
You knew the following spells:

 Your Spells              Type           Power      Damage    Failure   Level
a - Magic Dart            Conj           100%       1d8       0%          1
b - Searing Ray           Conj           100%       2d8       0%          2
c - Mephitic Cloud        Conj/Pois/Air  70%        N/A       1%          3
e - Ozocubu's Armour      Ice            100%       N/A       0%          3
f - Freezing Cloud        Conj/Ice/Air   47%        6-21      1%          5
g - Orb of Destruction    Conj           51%        9d13      1%          7
v - Polar Vortex          Ice            59%        N/A       1%          9
A - Stone Arrow           Conj/Erth      100%       3d13      1%          3
B - Iskenderun's Mystic   Conj/Tloc      79%        2d16      1%          4
G - Ozocubu's Refrigerat  Ice            59%        4d20      0%          7
T - Irradiate             Conj/Tmut      39%        3d24      1%          5

Your spell library contained the following spells:

 Spells                   Type           Power      Damage    Failure   Level
 Foxfire                  Conj/Fire      100%       2x1d9     0%          1
 Freeze                   Ice            100%       1d10      0%          1
 Kiss of Death            Conj/Necr      100%       2d13      0%          1
 Shock                    Conj/Air       100%       1d9       0%          1
 Ensorcelled Hibernation  Hex/Ice        100%       N/A       0%          2
 Frozen Ramparts          Ice            100%       1d16      0%          3
 Hailstorm                Conj/Ice       100%       3d20      0%          3
 Iskenderun's Battlesphe  Conj           100%       2d15      0%          5
 Apportation              Tloc           86%        N/A       1%          1
 Beastly Appendage        Tmut           86%        N/A       1%          1
 Necrotise                Necr           100%       1d9       1%          1
 Sandblast                Erth           86%        2d18      1%          1
 Slow                     Hex            100%       N/A       1%          1
 Sting                    Tmut/Pois      100%       1d8       1%          1
 Summon Small Mammal      Summ           100%       N/A       1%          1
 Blink                    Tloc           86%        N/A       1%          2
 Call Imp                 Summ           86%        N/A       1%          2
 Cigotuvi's Dreadful Rot  Necr/Pois/Air  86%        N/A       1%          2
 Lesser Beckoning         Tloc           86%        N/A       1%          2
 Momentum Strike          Conj/Tloc      100%       3d10      1%          2
 Passwall                 Tmut/Erth      35%        N/A       1%          2
 Poisonous Vapours        Pois/Air       86%        N/A       1%          2
 Scorch                   Fire           100%       2d9       1%          2
 Static Discharge         Conj/Air       100%       2-7/arc   1%          2
 Sublimation of Blood     Necr           43%        N/A       1%          2
 Wereblood                Tmut           43%        N/A       1%          2
 Call Canine Familiar     Summ           43%        N/A       1%          3
 Confusing Touch          Hex            43%        N/A       1%          3
 Dazzling Flash           Conj/Hex       100%       N/A       1%          3
 Gell's Gravitas          Tloc           43%        N/A       1%          3
 Ignite Poison            Fire/Tmut/Pois 48%        N/A       1%          3
 Inner Flame              Hex/Fire       51%        N/A       1%          3
 Portal Projectile        Hex/Tloc       86%        N/A       1%          3
 Spider Form              Tmut/Pois      43%        N/A       1%          3
 Summon Guardian Golem    Hex/Summ       43%        N/A       1%          3
 Swiftness                Air            43%        N/A       1%          3
 Teleport Other           Tloc           43%        N/A       1%          3
 Tukima's Dance           Hex            43%        N/A       1%          3
 Vampiric Draining        Necr           43%        2d9       1%          3
 Vhi's Electric Charge    Tloc/Air       86%        N/A       1%          3
 Volatile Blastmotes      Fire/Tloc      100%       2d18      1%          3
 Flame Wave               Conj/Fire      83%        2d18      1%          4
 Fulminant Prism          Conj/Hex       39%        3d17      1%          4
 Ice Form                 Ice/Tmut       90%        N/A       1%          4
 Sticky Flame             Conj/Fire      83%        2d9       1%          4
 Summon Ice Beast         Ice/Summ       90%        N/A       1%          4
 Arcjolt                  Conj/Air       39%        1d49      1%          5
 Fireball                 Conj/Fire      41%        3d17      1%          5
 Metabolic Englaciation   Hex/Ice        45%        N/A       1%          5
 Conjure Ball Lightning   Conj/Air       39%        3x3d13    1%          6
 Iron Shot                Conj/Erth      39%        9d8       1%          6
 Starburst                Conj/Fire      41%        6d12      1%          6
 Airstrike                Air            21%        2d(4-20)  5%          4
 Anguish                  Hex/Necr       21%        N/A       5%          4
 Animate Armour           Summ/Erth      86%        N/A       5%          4
 Cause Fear               Hex            21%        N/A       5%          4
 Dispel Undead            Necr           43%        3d17      5%          4
 Leda's Liquefaction      Hex/Erth       21%        N/A       5%          4
 Manifold Assault         Tloc           43%        N/A       5%          4
 Olgreb's Toxic Radiance  Pois           43%        N/A       5%          4
 Passage of Golubria      Tloc           43%        N/A       5%          4
 Petrify                  Tmut/Erth      43%        N/A       5%          4
 Summon Lightning Spire   Summ/Air       43%        N/A       5%          4
 Spellforged Servitor     Conj/Summ      39%        N/A       11%         7
 Agony                    Necr           43%        N/A       14%         5
 Alistair's Intoxication  Tmut/Pois      28%        N/A       14%         5
 Blade Hands              Tmut           21%        N/A       14%         5
 Borgnjor's Vile Clutch   Necr/Erth      21%        N/A       14%         5
 Lee's Rapid Deconstruct  Erth           21%        3d12*     14%         5
 Summon Forest            Summ/Tloc      21%        N/A       14%         5
 Summon Mana Viper        Hex/Summ       43%        N/A       14%         5
 Yara's Violent Unravell  Hex/Tmut       21%        3d10      14%         5
 Plasma Beam              Fire/Air       25%        2x1d41    43%         6
 Death Channel            Necr           21%        N/A       63%         6
 Dispersal                Tloc           21%        N/A       63%         6
 Eringya's Noxious Bog    Tmut/Pois      21%        N/A       63%         6
 Statue Form              Tmut/Erth      28%        N/A       63%         6
 Summon Cactus Giant      Summ           21%        N/A       63%         6
 Dragon Form              Tmut           21%        N/A       99%         7
 Enfeeble                 Hex            21%        N/A       99%         7
 Haunt                    Necr/Summ      21%        N/A       99%         7
 Malign Gateway           Summ/Tloc      21%        N/A       99%         7
 Monstrous Menagerie      Summ           21%        N/A       99%         7
 Storm Form               Tmut/Air       21%        N/A       99%         7
 Summon Hydra             Summ           21%        N/A       99%         7
 Discord                  Hex            21%        N/A       100%        8
 Disjunction              Tloc           21%        N/A       100%        8
 Ignition                 Fire           28%        3d9       100%        8
 Infestation              Necr           21%        N/A       100%        8
 Maxwell's Capacitive Co  Air            21%        ∞         100%        8
 Summon Horrible Things   Summ           21%        N/A       100%        8
 Chain Lightning          Conj/Air       39%        3d52      100%        9
 Death's Door             Necr           21%        N/A       100%        9
 Fire Storm               Conj/Fire      41%        8d11      100%        9
 Shatter                  Erth           21%        3d19*     100%        9
 Simulacrum               Ice/Necr       Unusable   N/A       N/A         6
 Animate Dead             Necr           Unusable   N/A       N/A         4

Dungeon Overview and Level Annotations

Branches:
Dungeon (15/15)            Temple (1/1) D:5            Lair (5/5) D:10
  Swamp (4/4) Lair:2       Spider (4/4) Lair:3        Slime (5/5) Lair:4
    Orc (2/2) D:12            Elf (3/3) Orc:2        Vaults (5/5) D:14
  Crypt (3/3) Vaults:2       Tomb (0/3) Crypt:3      Depths (4/4) D:15
    Zot (4/5) Depths:4      IceCv (visited)          WizLab (visited)
Desolation (visited)

Altars:
Ashenzari
Cheibriados
Dithmenos
Elyvilon
Fedhas
Gozag
Hepliaklqana
Kikubaaqudgha
Makhleb
Nemelex Xobeh
Okawaru
Qazlal
Ru
Sif Muna
Trog
Uskayaw
Vehumet
Wu Jian
Xom
Yredelemnul
Zin
The Shining One
Jiyva
Lugonu

Shops:
D:9 [   Orc:1 [[:[*[[[[*[[[(*[   Orc:2 *!?:(   Elf:1 *   Elf:2 =
Depths:1 [([[   Depths:2 ?

Portals:
Hell: Depths:1 Depths:2 Depths:3 Depths:4
Abyss: Depths:1 Depths:3
Pandemonium: Depths:1 Depths:2

Annotations:
D:9 3 runed translucent doors, Radamante's ghost, novice MiHu
Depths:2 2 transporters
Depths:4 6 runed translucent doors


Innate Abilities, Weirdness & Mutations

You are a tree.
Your roots penetrate the ground, keeping you stationary.
You cannot be teleported.
You are immune to unholy pain and torment.
Your maximum health is greatly increased.
Your equipment is partially melded.
((Your serpentine skin is tough. (AC +9)))
You have supernaturally acute eyesight. (SInv)
((Armour fits poorly on your strangely shaped body.))
((Your system is resistant to poisons. (rPois)))
((You cover ground very slowly.))
You can spit poison.
((You can use your snake-like lower body to constrict enemies.))
You are clumsy. (Dex -2)
You are dopey. (Int -2)
You are somewhat resistant to further mutation.
You are weak. (Str -2)


Message History

The emperor scorpion completely misses you.
The emperor scorpion claws you but does no damage.
The emperor scorpion is engulfed in dark miasma.
The emperor scorpion is poisoned.
The emperor scorpion stings you but does no damage.
The emperor scorpion claws you but does no damage.
The emperor scorpion claws you.
* * * LOW HITPOINT WARNING * * *
The ushabti shakes and rattles deafeningly!
The royal mummy casts a spell at you. Something smites you!
* * * LOW HITPOINT WARNING * * *
The emperor scorpion stings you but does no damage.
The emperor scorpion claws you but does no damage.
The emperor scorpion claws you.
* * * LOW HITPOINT WARNING * * *
The emperor scorpion completely misses you.
The emperor scorpion claws you but does no damage. x2
You hear a shout!
You hear a faint skittering sound. x2
Unknown command.
Unknown command.
You feel better.
You are engulfed in dark miasma.
* * * LOW HITPOINT WARNING * * *
You kill the ufetubus!
The ufetubus disappears in a puff of smoke!
You kill the ufetubus!
The ufetubus disappears in a puff of smoke!
You kill the ufetubus!
The ufetubus disappears in a puff of smoke!
The ice devil is no longer distracted by gold.
The iron dragon skeleton is no longer distracted by gold.
The mummy is no longer distracted by gold.
The ushabti is no longer distracted by gold.
The royal mummy is no longer distracted by gold.
The emperor scorpion is engulfed in dark miasma.
The emperor scorpion stings you!
* * * LOW HITPOINT WARNING * * *
The emperor scorpion claws you.
You die...
Your body crumbles into a pile of gold.

....§M▓
....§§≈▓▓
....§8§.▓▓
....≈≈§§§▓▓
.......55§▓▓
.Z...Z5sszs▓▓
....ZM34W°ss▓▓
.....5MMsMss♣▓
....ZZ9W9MMs▓▓
.....M9MMMM▓▓
.....MMMMz▓▓
....≈≈≈MM▓▓
....§8≈M▓▓
....§≈≈▓▓
...§.4▓ ▓▓▓▓


You could see 6 royal mummies, 9 emperor scorpions, 3 mummy priests, 6 guardian
mummies, 3 ushabtiu, an ice devil (summoned), a rust devil (summoned), a
freezing wraith (summoned), a ynoxinul (summoned), a shadow (summoned,
invisible), a flying skull, 4 mummies, a wight (summoned), 4 ufetubi, a storm
dragon zombie and an iron dragon skeleton.

Vanquished Creatures
  the Royal Jelly (Slime:5)
  2 dread liches
  2 ancient liches (Vaults:5)
  An orb of fire (Zot:2)
  Mara (Spider:4)
  A royal mummy (Zig:18)
  2 juggernauts
  Sojobo (Crypt:1)
  2 Killer Klowns (Zot:1)
  Parghit (Depths:4)
  Frederick (Crypt:1)
  The ghost of Woadakig the Executioner, a veteran FoFi of Dithmenos (Crypt:2)
  9 golden dragons
  Margery (Vaults:5)
  3 caustic shrikes
  A curse toe (Zot:3)
  Nikola (Elf:2)
  3 pandemonium lords
  3 bone dragons
  An electric golem (Zot:1)
  17 tentacled monstrosities
  Zenata (Vaults:4)
  4 Brimstone Fiends (Zig:15)
  9 liches
  A spectral shard shrike (Crypt:3)
  An Ice Fiend (IceCv)
  Asterion (Vaults:1)
  5 walking crystal tomes
  A walking earthen tome (Depths:2)
  15 quicksilver dragons
  9 deep elf blademasters
  8 titans
  30 acid blobs
  10 death cobs
  9 deep elf master archers
  Frances (D:13)
  7 ancient champions
  12 sphinxes
  Gastronok (Lair:1)
  3 Executioners
  6 tengu reavers
  13 shadow dragons
  A thorn hunter (Swamp:1)
  Roxanne (Swamp:2)
  Donald (Vaults:1)
  The ghost of Fioturpheude the Eclecticist, an adept DjCj of Makhleb (Depths:2)
  13 azure jellies
  3 iron dragons (Depths:3)
  11 revenants
  14 storm dragons
  16 fire giants
  4 draconian monks
  19 rockslimes
  A demonspawn warmonger (Zig:15)
  7 draconian knights
  5 fenstrider witches
  11 deep elf sorcerers
  2 imperial myrmidons (Desolation)
  22 vault wardens
  5 draconian shifters
  6 spectral caustic shrikes
  5 ghost moths
  A spectral juggernaut (Crypt:3)
  Aizul (Elf:1)
  The ghost of Ychix the Thaumaturge, a journeyman GnSk of Makhleb (Swamp:3)
  13 frost giants
  A balrug (Zig:15)
  10 ghouls
  9 draconian scorchers
  16 ironbound preservers
  2 emperor scorpions
  A caustic shrike skeleton (Zig:18)
  2 demonspawn corrupters
  3 deep elf elementalists
  2 orc warlords
  13 draconian annihilators
  2 draconian stormcallers
  A cacodemon (Zig:8)
  4 curse skulls
  4 demonspawn blood saints
  13 quicksilver oozes
  22 stone giants
  4 spriggan defenders
  3 broodmothers
  23 very ugly things
  A reaper (Zig:16)
  4 war gargoyles (Vaults:5)
  11 ironbound thunderhulks
  A green draconian (shapeshifter) (Zot:4)
  A quicksilver ooze (shapeshifter) (Depths:3)
  17 deep elf demonologists
  9 black draconians
  11 vampire knights
  3 demonspawn black suns (Zig:15)
  16 green draconians
  7 eleionomae
  7 yellow draconians
  A halazid warlock (Desolation)
  25 purple draconians
  17 deep elf annihilators
  The ghost of IAmTheZeppo the Fighter, a journeyman MiFi of Okawaru (D:13)
  4 bunyips
  6 spark wasps
  18 dire elephants
  18 white draconians
  12 eidola
  18 ettins
  5 red draconians
  6 spectral quicksilver dragons (Crypt:3)
  A merfolk javelineer (Crypt:2)
  4 green deaths
  5 blizzard demons
  4 crystal guardians
  12 jiangshi
  9 fire dragons
  10 deep elf high priests
  18 deep elf death magi
  4 merfolk impalers
  7 ragged hierophants (Desolation)
  2 shambling mangroves (WizLab)
  12 yaktaur captains
  3 mummy priests
  2 hydras (shapeshifter)
  6 entropy weavers
  23 hydras
  An ice dragon (shapeshifter) (D:14)
  10 servants of whispers
  34 vault guards
  Fannar (D:10)
  2 caustic shrike simulacra (IceCv)
  17 great orbs of eyes
  2 hell beasts (Zig:15)
  4 rakshasas
  A spectral shadow dragon (Crypt:3)
  2 spectral spriggans (Crypt:3)
  12 ice dragons
  3 spriggan air magi
  An Orb Guardian zombie (Crypt:3)
  12 peacekeepers
  9 ironbound frosthearts
  2 ogre magi
  A juggernaut simulacrum (Crypt:3)
  8 boulder beetles
  A jorogumo (shapeshifter) (Vaults:5)
  4 death knights
  4 radroaches
  9 centaur warriors
  An anaconda (shapeshifter) (Vaults:2)
  40 dancing weapons
  2 spectral stone giants (Crypt:3)
  6 two-headed ogres
  8 alligators
  A bennu zombie (Crypt:1)
  3 satyrs (WizLab)
  9 deep troll earth magi
  4 deep troll shamans
  A quicksilver ooze zombie (Crypt:2)
  12 death yaks
  9 vampire magi
  A death scarab (Zig:18)
  2 thrashing horrors
  3 naga sharpshooters (WizLab)
  10 spriggan berserkers
  A spectral dire elephant (Crypt:3)
  2 spectral storm dragons (Crypt:3)
  Urug (D:10)
  9 orc high priests
  5 tengu warriors
  27 deep elf knights
  4 soul eaters
  2 wretched stars
  Amaemon (Lair:1)
  Nergalle (D:11)
  13 spriggans
  12 hell knights
  Sonja (D:11)
  A sixfirhy (Depths:1)
  4 salamander mystics (Zig:11)
  A bunyip zombie (Crypt:3)
  A spectral death yak (Lair:5)
  A sun moth (Spider:2)
  12 flayed ghosts
  9 pharaoh ants
  8 shadow wraiths
  A spatial maelstrom (Zig:10)
  2 goliath frogs
  A skyshark (Lair:3)
  2 iron trolls
  11 orb spiders
  8 skeletal warriors
  Lodul (D:11)
  5 glowing orange brains
  39 deep trolls
  An orange crystal statue (Zig:5)
  5 shadow demons
  A spectral anaconda (Lair:5)
  16 spriggan simulacra
  14 swamp dragons
  3 large abominations (Zig:10)
  5 bog bodies
  5 spriggan druids
  5 harpies
  4 obsidian statues
  7 wizards
  12 necromancers
  Pikel (D:4)
  A spectral hydra (Crypt:3)
  6 steelbarb worms
  24 deep elf archers
  13 ironbound convokers
  A broodmother zombie (Crypt:2)
  A sphinx zombie (Depths:2)
  48 deep elf zephyrmancers
  20 lindwurms
  An iron dragon zombie (Vaults:4)
  6 orc sorcerers
  11 orc knights
  18 phantasmal warriors
  A lindwurm (shapeshifter) (Vaults:5)
  45 deep elf pyromancers
  A mana viper (shapeshifter) (Vaults:4)
  23 wolf spiders
  A steelbarb worm (shapeshifter) (Depths:4)
  2 fauns (WizLab)
  42 ugly things
  7 cyclopes
  2 oklob plants (WizLab)
  A shadow dragon skeleton (Vaults:4)
  4 shining eyes
  A sphinx skeleton (Zig:18)
  A spectral alligator snapping turtle (Crypt:3)
  5 will-o-the-wisps
  A salamander (shapeshifter) (Vaults:5)
  A jorogumo skeleton (Crypt:1)
  A goliath frog skeleton (Crypt:2)
  2 manticores (D:13)
  2 naga magi (Zig:11)
  A black mamba (Lair:1)
  Joseph (D:9)
  11 guardian serpents
  24 moths of wrath
  2 dire elephant zombies (Lair:5)
  A rust devil (Zig:15)
  2 apocalypse crabs
  An eye of devastation (Slime:1)
  7 demonic crawlers
  5 ice statues
  5 molten gargoyles (Desolation)
  19 vault sentinels
  9 cane toads
  17 elephants
  A smoke demon (Zig:15)
  2 unseen horrors
  An orange demon (Lair:1)
  5 torpor snails
  3 kobold demonologists
  4 hellions
  A yellow draconian zombie (Crypt:3)
  A rime drake (Lair:5)
  5 tormentors
  35 yaktaurs
  4 spectral harpies (Crypt:3)
  14 freezing wraiths
  An efreet (D:15)
  2 ancient zymes (Zig:10)
  A golden dragon simulacrum (Depths:2)
  An alligator snapping turtle skeleton (Crypt:1)
  2 guardian mummies (Zig:18)
  8 ice devils
  A hellwing (Depths:1)
  A red draconian skeleton (Crypt:1)
  8 komodo dragons
  A queen bee (shapeshifter) (Elf:1)
  A black draconian skeleton (Crypt:2)
  3 bloated husks (Swamp:2)
  3 harpy zombies
  A queen bee (Lair:5)
  8 trolls
  An unseen horror skeleton (Crypt:2)
  13 merfolk (Zig:3)
  4 meliai
  3 tengu conjurers
  19 tarantellas
  3 polar bears
  Prince Ribbit (D:7)
  62 saltlings
  A wind drake (Zig:3)
  8 raiju
  A great orb of eyes zombie (Crypt:3)
  A spectral elephant (Lair:5)
  13 hornets
  7 tyrant leeches
  11 blink frogs
  12 dream sheep (Lair:5)
  A fire giant simulacrum (Depths:2)
  A frost giant simulacrum (Depths:2)
  A dream sheep (shapeshifter) (Vaults:5)
  128 slime creatures
  28 jumping spiders
  Sigmund (D:6)
  A stone giant simulacrum (Depths:2)
  5 water elementals
  22 culicivoras
  3 vampires
  4 air elementals
  11 flying skulls
  2 spriggans (shapeshifter)
  9 wraiths
  An ettin skeleton (Vaults:4)
  3 ynoxinuls
  3 wyverns
  An alligator skeleton (Crypt:2)
  3 shadows
  4 basilisks
  A yak (shapeshifter) (Zig:12)
  A slime creature zombie (Crypt:3)
  Grum (D:10)
  84 redbacks
  A tyrant leech zombie (Crypt:1)
  24 yaks
  24 golden eyes
  10 starcursed masses (Zig:7)
  2 fire elementals
  2 steam dragons
  7 vampire mosquitoes
  2 neqoxecs
  A glowing shapeshifter zombie (Depths:2)
  A chaos spawn (Depths:1)
  2 harpy simulacra (IceCv)
  2 wargs
  13 swamp worms
  A swamp worm (shapeshifter) (Vaults:5)
  5 minotaur simulacra (IceCv)
  2 hydra simulacra (IceCv)
  An entropy weaver zombie (Vaults:4)
  12 water moccasins
  A floating eye (Depths:2)
  An ice beast (D:6)
  An ogre skeleton (Vaults:4)
  7 black bears
  39 orc warriors
  A sky beast (shapeshifter) (D:15)
  A manticore zombie (Crypt:2)
  2 sky beasts
  A swamp dragon zombie (Crypt:2)
  An ettin simulacrum (Crypt:3)
  7 swamp drakes (Swamp:4)
  An elephant zombie (Lair:5)
  15 ogres
  19 wolves
  3 boggarts
  A dream sheep skeleton (Crypt:3)
  22 centaurs
  A hog zombie (Crypt:3)
  3 phantoms
  2 kobold brigands
  3 earth elementals
  7 bullfrogs
  A draconian zombie (Crypt:1)
  A gnoll sergeant (D:11)
  3 necrophages
  14 deep troll simulacra (IceCv)
  A human simulacrum (Depths:2)
  3 scorpions
  19 wights
  5 lindwurm simulacra (IceCv)
  An elephant simulacrum (Lair:5)
  31 killer bees
  A troll skeleton (Crypt:3)
  A yak skeleton (Crypt:2)
  An electric eel (D:12)
  4 howler monkeys
  A wolf skeleton (Crypt:2)
  4 lava snakes (D:13)
  2 hounds (D:5)
  4 jellies
  A bullfrog skeleton (Crypt:3)
  A basilisk zombie (Crypt:2)
  17 orc priests
  Jessica (D:2)
  Natasha (thrice) (D:2)
  A boggart zombie (Crypt:1)
  4 hell rats (Lair:2)
  4 iguanas
  28 orc wizards
  6 ogre zombies (D:12)
  A naga skeleton (Crypt:3)
  Robin (D:2)
  6 gnolls
  8 adders
  A shadow imp (D:8)
  3 white imps
  A worm (D:3)
  2 dart slugs (D:2)
  62 orcs
  5 bats
  12 endoplasms
  5 giant cockroaches
  8 goblins
  11 hobgoblins
  13 jackals
  2 quokkas
  5 ball pythons
  2 frilled lizards (D:1)
  A goblin skeleton (D:12)
  A goblin zombie (D:12)
  A hobgoblin skeleton (D:12)
  3 hobgoblin zombies (D:12)
  A jackal zombie (Crypt:1)
  9 kobolds
  2 orc skeletons (D:12)
  11 orc zombies (D:12)
  A quokka skeleton (Crypt:3)
  8 rats
  5 briar patches (Swamp:1)
  2 bushes (WizLab)
  A butterfly (Zot:4)
2962 creatures vanquished.

Vanquished Creatures (collateral kills)
  A deep elf elementalist (Elf:1)
  A deep elf annihilator (Elf:1)
  A deep elf knight (Elf:1)
  4 deep elf pyromancers (Elf:1)
  3 deep elf zephyrmancers (Elf:1)
10 creatures vanquished.

Vanquished Creatures (others)
  A ghost moth (shapeshifter) (Zot:4)
  2 ogres (D:11)
  A briar patch (Swamp:1)
  7 foxfires
  29 fulminant prisms
  34 fungi
  130 plants
  2 starspawn tentacles (Zig:8)
  37 withered plants (Lair:5)
243 creatures vanquished.

Grand Total: 3215 creatures vanquished

Notes
Turn   | Place    | Note
-------+----------+-------------------------------------------
     0 | D:1      | Meow the Naga Conjurer began the quest for the Orb.
     0 | D:1      | Reached XP level 1. HP: 15/15 MP: 3/3
   293 | D:1      | Reached XP level 2. HP: 22/22 MP: 0/5
   296 | D:1      | Learned a level 2 spell: Searing Ray
   742 | D:1      | Reached XP level 3. HP: 28/28 MP: 4/7
  1579 | D:2      | Reached XP level 4. HP: 34/36 MP: 2/8
  1855 | D:2      | Noticed Robin
  1861 | D:2      | Killed Robin
  1862 | D:2      | Reached skill level 5 in Conjurations
  2054 | D:2      | Noticed Natasha
  2057 | D:2      | Killed Natasha
  2058 | D:2      | Reached XP level 5. HP: 42/42 MP: 6/10
  2156 | D:2      | Found a faded altar of an unknown god.
  2206 | D:2      | Noticed Jessica
  2209 | D:2      | Killed Jessica
  2789 | D:2      | Noticed Natasha
  2795 | D:2      | Killed Natasha
  2905 | D:2      | Noticed Natasha
  2911 | D:2      | Killed Natasha
  2958 | D:3      | Found a glowing golden altar of the Shining One.
  2963 | D:3      | Reached XP level 6. HP: 43/49 MP: 7/12
  3044 | D:3      | Learned a level 4 spell: Iskenderun's Mystic Blast
  3049 | D:3      | Learned a level 4 spell: Fulminant Prism
  3273 | D:3      | You fall into a shaft and drop 3 floors!
  3293 | D:5      | Entered Level 5 of the Dungeon
  3367 | D:4      | Found a white marble altar of Elyvilon.
  3370 | D:4      | Noticed a black bear
  3551 | D:4      | Found a hide-covered altar of Uskayaw.
  3686 | D:4      | Killed a black bear
  3823 | D:4      | Found a broken altar of Ashenzari.
  3851 | D:4      | Found a shadowy altar of Dithmenos.
  4237 | D:5      | Noticed a black bear
  4295 | D:5      | Killed a black bear
  4296 | D:5      | Reached skill level 5 in Spellcasting
  4296 | D:5      | Reached XP level 7. HP: 50/55 MP: 5/14
  4409 | D:5      | Found a large runed translucent door.
  4409 | D:5      | Noticed Pikel
  4554 | D:4      | Killed Pikel
  4555 | D:4      | Reached skill level 1 in Fighting
  4555 | D:4      | Reached XP level 8. HP: 56/64 MP: 6/17
  4626 | D:5      | Found a large runed translucent door.
  4849 | D:5      | Found a staircase to the Ecumenical Temple.
  4854 | Temple   | Entered the Ecumenical Temple
  4893 | Temple   | Became a worshipper of Gozag Ym Sagoz the Greedy
  5640 | D:5      | Found a stormy altar of Qazlal.
  5652 | D:5      | Found an ornate altar of the Wu Jian Council.
  5838 | D:6      | Noticed Sigmund
  5847 | D:6      | Killed Sigmund
  5848 | D:6      | Reached skill level 5 in Fighting
  5999 | D:6      | Reached XP level 9. HP: 82/82 MP: 7/18
  6359 | D:7      | Noticed Prince Ribbit
  6363 | D:7      | Killed Prince Ribbit
  7227 | D:8      | Reached XP level 10. HP: 80/98 MP: 20/20
  7758 | D:9      | Found a radiant altar of Vehumet.
  7975 | D:9      | Learned a level 3 spell: Stone Arrow
  8087 | D:9      | Noticed a two-headed ogre
  8094 | D:9      | Killed a two-headed ogre
  8095 | D:9      | Reached skill level 10 in Fighting
  8095 | D:9      | Reached skill level 10 in Conjurations
  8171 | D:9      | Reached XP level 11. HP: 100/109 MP: 15/23
  8178 | D:9      | Found a runed translucent gate.
  8178 | D:9      | Found a runed translucent gate.
  8178 | D:9      | Found a runed translucent gate.
  8178 | D:9      | Found an opulent altar of Gozag.
  8178 | D:9      | Noticed a cyclops
  8178 | D:9      | Noticed a centaur warrior
  8179 | D:9      | Noticed Radamante's ghost (novice MiHu)
  8180 | D:9      | Noticed Joseph
  8351 | D:10     | Entered Level 10 of the Dungeon
  9013 | D:9      | Found Epocw's Antique Armour Boutique.
  9026 | D:9      | Killed Joseph
  9028 | D:9      | Bought a shadowed robe for 193 gold pieces
  9028 | D:9      | Identified the +1 robe of Ampo {rF+} (You bought it in a
                  | shop on level 9 of the Dungeon)
  9098 | D:9      | Learned a level 4 spell: Flame Wave
  9580 | D:10     | Found a shimmering altar of Xom.
 10042 | D:10     | Noticed Fannar
 10050 | D:10     | Killed Fannar
 10129 | D:10     | Noticed a two-headed ogre
 10132 | D:10     | Killed a two-headed ogre
 10160 | D:10     | Noticed Grum
 10166 | D:10     | Killed Grum
 10340 | D:10     | Found a staircase to the Lair.
 10380 | D:10     | Noticed a two-headed ogre
 10385 | D:10     | Killed a two-headed ogre
 10386 | D:10     | Reached XP level 12. HP: 120/120 MP: 19/25
 10433 | D:10     | Reached skill level 10 in Spellcasting
 10485 | D:10     | Found a burning altar of Makhleb.
 10702 | D:10     | Noticed Urug
 10707 | D:10     | Killed Urug
 10712 | D:10     | Found a portal to a secret trove of treasure.
 10987 | Lair:1   | Entered Level 1 of the Lair of Beasts
 11042 | Lair:1   | Noticed Amaemon
 11060 | Lair:1   | Killed Amaemon
 11258 | Lair:1   | Noticed a death yak
 11258 | Lair:1   | Noticed a death yak
 11259 | Lair:1   | Noticed a death yak
 11259 | Lair:1   | Noticed a death yak
 11275 | Lair:1   | Killed a death yak
 11454 | Lair:1   | Noticed Gastronok
 11460 | Lair:1   | Killed Gastronok
 11537 | Lair:1   | Learned a level 7 spell: Orb of Destruction
 11920 | Lair:1   | Noticed a death yak
 11934 | Lair:1   | Killed a death yak
 12107 | Lair:1   | Killed a death yak
 12159 | D:10     | Killed a death yak
 12201 | Lair:1   | Killed a death yak
 12866 | D:11     | Noticed Nergalle
 12869 | D:11     | Killed Nergalle
 12984 | D:11     | Gained mutation: You can use your snake-like lower body to
                  | constrict enemies. [Naga growth]
 12984 | D:11     | Reached XP level 13. HP: 128/130 MP: 16/28
 13264 | D:11     | Noticed Sonja
 13266 | D:11     | Killed Sonja
 13280 | D:11     | Noticed Lodul
 13288 | D:11     | Killed Lodul
 14000 | D:12     | Found a staircase to the Orcish Mines.
 14872 | Orc:1    | Entered Level 1 of the Orcish Mines
 15007 | Orc:1    | Bought a smoking robe for 176 gold pieces
 15007 | Orc:1    | Identified the +2 robe of Cheibriados's Scorn {rC+} (You
                  | bought it in a shop on level 1 of the Orcish Mines)
 15007 | Orc:1    | Bought a steaming robe for 176 gold pieces
 15007 | Orc:1    | Identified the +2 robe of Benevolence {MP+9 Stlth+} (You
                  | bought it in a shop on level 1 of the Orcish Mines)
 15061 | Orc:2    | Entered Level 2 of the Orcish Mines
 15876 | Orc:2    | Found Ixeczam's Distillery.
 15876 | Orc:2    | Found Eluxaxae's Assorted Antiques.
 15877 | Orc:2    | Found Avuabrol's Book Boutique.
 15877 | Orc:2    | Found Kurheame's Magic Scroll Boutique.
 16079 | Orc:2    | Found a staircase to the Elven Halls.
 16226 | Orc:2    | Found Zypp's Weapon Boutique.
 16937 | Orc:1    | Reached XP level 14. HP: 141/141 MP: 29/30
 17201 | Orc:1    | Found a bloodstained altar of Trog.
 17420 | Orc:1    | Bought a translucent leather armour for 259 gold pieces
 17420 | Orc:1    | Identified the +0 leather armour of the Northern Lights
                  | {rElec} (You bought it in a shop on level 1 of the Orcish
                  | Mines)
 17422 | Orc:1    | Bought a shimmering robe for 193 gold pieces
 17422 | Orc:1    | Identified the +1 robe of the Worm {rC+++ Int+3 Dex-2} (You
                  | bought it in a shop on level 1 of the Orcish Mines)
 18075 | Lair:2   | Reached skill level 15 in Conjurations
 18188 | Lair:2   | Found a staircase to the Swamp.
 18889 | Lair:3   | Found a hole to the Spider Nest.
 19698 | Lair:4   | Found a viscous altar of Jiyva.
 19698 | Lair:4   | Found the +3 Mad Mage's Maulers {Infuse+∞ VampMP -Cast}
 19700 | Lair:4   | Found a staircase to the Slime Pits.
 20213 | Lair:5   | Entered Level 5 of the Lair of Beasts
 21458 | Lair:5   | Noticed a dire elephant
 21458 | Lair:5   | Noticed a dire elephant
 21771 | Lair:5   | Reached XP level 15. HP: 149/152 MP: 33/33
 22018 | Lair:5   | Reached skill level 15 in Fighting
 23546 | Orc:1    | Bought a bloodstained leather armour for 238 gold pieces
 23546 | Orc:1    | Identified the +1 leather armour "Xuesmar" {Will+} (You
                  | bought it in a shop on level 1 of the Orcish Mines)
 23546 | Orc:1    | Bought a crude robe for 193 gold pieces
 23546 | Orc:1    | Identified the +1 robe "Azats" {Will+ Str+3} (You bought it
                  | in a shop on level 1 of the Orcish Mines)
 23622 | D:13     | Found a runed translucent door.
 23723 | D:13     | Noticed Frances
 23727 | D:13     | Killed Frances
 24518 | D:13     | Identified the +1 pair of gloves "Nioczecoa" {rElec MP+9
                  | SInv}
 24662 | D:13     | Noticed a frost giant
 24662 | D:13     | Noticed IAmTheZeppo's ghost (journeyman MiFi)
 24926 | D:13     | Learned a level 5 spell: Freezing Cloud
 24930 | D:13     | Learned a level 3 spell: Mephitic Cloud
 25029 | D:13     | Found a runed translucent door.
 25351 | D:13     | Found a runed translucent gate.
 25351 | D:13     | Found a runed translucent gate.
 25351 | D:13     | Found a runed translucent gate.
 25351 | D:13     | Found a runed translucent gate.
 25351 | D:13     | Found a runed translucent gate.
 25351 | D:13     | Found a runed translucent gate.
 25893 | D:13     | Identified the amulet "Hathej" {Spirit Int+3}
 25961 | D:13     | Killed a frost giant
 26166 | D:13     | Killed IAmTheZeppo's ghost
 26249 | Orc:1    | Bought a coiled emerald amulet for 195 gold pieces
 26249 | Orc:1    | Identified the amulet "Suol" {Acrobat rPois rF+ Str+5
                  | Dex-5} (You bought it in a shop on level 1 of the Orcish
                  | Mines)
 26835 | D:14     | Reached XP level 16. HP: 171/171 MP: 29/34
 27308 | D:14     | Found a blossoming altar of Fedhas.
 27555 | D:14     | Found a gate to the Vaults.
 27593 | D:15     | Entered Level 15 of the Dungeon
 27597 | D:15     | Noticed a sphinx
 27600 | D:15     | Killed a sphinx
 27640 | D:15     | Found a staircase to the Depths.
 27911 | D:15     | Found a frozen archway.
 28061 | IceCv    | Entered an ice cave
 28377 | IceCv    | Identified the staff of earth "Iru Isuipn" {Contam rF++
                  | Dex+4}
 28916 | IceCv    | Reached skill level 15 in Spellcasting
 29276 | IceCv    | Found the +4 skin of Zhor {*Englaciate rC+++ SInv}
 29318 | IceCv    | Noticed an Ice Fiend
 29334 | IceCv    | Killed an Ice Fiend
 30312 | D:15     | Found a white marble altar of Elyvilon.
 31017 | Elf:1    | Entered Level 1 of the Elven Halls
 31021 | Elf:1    | Noticed Aizul
 31114 | Elf:1    | Killed Aizul
 31130 | Elf:1    | Reached XP level 17. HP: 89/178 MP: 15/36
 31300 | Elf:1    | Found Zipnas's General Store.
 31343 | Elf:1    | Got the Information on Friendly Attacks
 31350 | Elf:1    | Learned a level 5 spell: Irradiate
 31374 | Elf:1    | Found a crumbling gateway.
 31382 | Desolati | Entered the Desolation of Salt
 31837 | Desolati | Identified the +2 scimitar of Kismet {flame, Dex+2}
 31837 | Desolati | Identified the ring "Viqeokh" {Wiz rElec Will- Str+2
                  | Stlth+}
 31961 | Desolati | Identified the +0 rapier of Kuukletu {spect, rC+}
 32573 | Desolati | Identified the ring of Icsolew {Ice rN+ Will+ Str-4 Int+5
                  | Slay+2}
 33254 | Desolati | Got Byponenn's Folio of Conjured Places
 33256 | Desolati | Identified the +6 hand axe "Bimeobaq" {heavy, Int+3 Stlth+}
 33278 | Desolati | Got the Omnibus of the Torch
 33281 | Desolati | Identified the ring "Epnoofel" {rElec rN+ Int+2 Dex-2}
 33420 | Desolati | Reached XP level 18. HP: 194/194 MP: 31/38
 33482 | Desolati | Identified the +1 short sword "Quaty" {freeze, rF+ Will+
                  | Str+3}
 33484 | Desolati | Got Sif Muna's Lessons on the Nimbus and Hurting
 34304 | Elf:1    | Bought a book of Ice for 750 gold pieces
 35016 | Elf:2    | Found Haifut's Jewellery Shoppe.
 35484 | Elf:2    | Found a runed translucent gate.
 35484 | Elf:2    | Found a runed translucent gate.
 35484 | Elf:2    | Found a runed translucent gate.
 35487 | Elf:2    | Identified the +1 morningstar of Juacsig {spect, rF+ rN+
                  | Dex-4}
 35667 | Elf:2    | Identified the ring of Kindness {rCorr Int+6 SInv}
 36149 | Elf:2    | Found a radiant altar of Vehumet.
 36513 | Elf:2    | Noticed a deep elf blademaster
 36516 | Elf:2    | Killed a deep elf blademaster
 37054 | Elf:2    | Identified a scroll of acquirement
 37055 | Elf:2    | Acquired the +2 cloak of the Thief {*Fog Slay-2 SInv
                  | Stlth+}
 37055 | Elf:2    | Found the +2 cloak of the Thief {*Fog Slay-2 SInv Stlth+}
 37137 | Elf:3    | Entered Level 3 of the Elven Halls
 37231 | Elf:2    | Reached XP level 19. HP: 105/202 MP: 11/42
 37412 | Elf:3    | Noticed Nikola
 37420 | Elf:2    | Killed Nikola
 38242 | Elf:3    | Paralysed by an air elemental for 1 turns
 38468 | Elf:3    | Noticed a Brimstone Fiend
 38478 | Elf:3    | Reached skill level 1 in Ice Magic
 38632 | Elf:3    | Noticed a Hell Sentinel
 38743 | Elf:3    | Identified the +3 ring mail of the Black Skies {*Slow rPois
                  | rF+ Will+}
 38744 | Elf:3    | Identified the amulet "Ebbol" {Acrobat rN+}
 38744 | Elf:3    | Identified the staff of conjuration "Paf Fouwk" {Str+5}
 38765 | Elf:3    | Noticed a Brimstone Fiend
 39063 | Elf:3    | Reached skill level 5 in Ice Magic
 39275 | Elf:3    | Identified the +4 quarterstaff of the Carved God {venom,
                  | Fragile rF- MP+9 Stlth+}
 39283 | Elf:3    | Identified the +0 plate armour of the Mind {Drain rElec
                  | rPois rN++}
 39621 | Elf:3    | Identified the +3 hand axe of Distant Worlds {pain, rF+}
 40075 | Elf:3    | Got the Handbook of the Bard
 40127 | Elf:3    | Got Sif Muna's Secrets of Creative Combustion
 40142 | Elf:3    | Got Ceho's Vellum of Assaults
 40453 | Swamp:1  | Entered Level 1 of the Swamp
 41756 | Swamp:2  | Reached skill level 10 in Ice Magic
 41784 | Swamp:2  | Identified the +3 scale mail of the Thunderstorm {rF+
                  | Regen+}
 41956 | Swamp:2  | Identified Roxanne's Encyclopedia of Teratogeny
 41956 | Swamp:2  | Noticed Roxanne
 41962 | Swamp:2  | Killed Roxanne
 42026 | Swamp:3  | Found a runed translucent door.
 42134 | Swamp:3  | Noticed Ychix's ghost (journeyman GnSk)
 42292 | Swamp:3  | Reached XP level 20. HP: 176/211 MP: 35/44
 42679 | Swamp:3  | Killed Ychix's ghost
 42942 | Swamp:4  | Entered Level 4 of the Swamp
 43834 | Swamp:4  | Learned a level 3 spell: Ozocubu's Armour
 43843 | Swamp:4  | Learned a level 7 spell: Ozocubu's Refrigeration
 43987 | Swamp:4  | Got a decaying rune of Zot
 44795 | Spider:1 | Entered Level 1 of the Spider Nest
 46738 | Spider:3 | Reached skill level 15 in Ice Magic
 47723 | Spider:4 | Entered Level 4 of the Spider Nest
 47868 | Spider:4 | Reached XP level 21. HP: 153/219 MP: 22/45
 48408 | Spider:4 | Gained mutation: You are clumsy. (Dex -2) [mutagenic glow]
 48692 | Spider:4 | Got a gossamer rune of Zot
 48818 | Spider:4 | Noticed Mara
 48821 | Spider:4 | Noticed Meow's illusion
 48831 | Spider:4 | Noticed Meow's illusion
 48832 | Spider:4 | Killed Mara
 49459 | Vaults:1 | Entered Level 1 of the Vaults
 49967 | Vaults:1 | Noticed Donald
 49974 | Vaults:1 | Killed Donald
 50015 | Vaults:1 | Noticed Asterion
 50018 | Vaults:1 | Killed Asterion
 51840 | Vaults:2 | Found a staircase to the Crypt.
 52145 | Vaults:2 | Reached XP level 22. HP: 130/228 MP: 20/46
 53389 | Vaults:2 | Identified the +10 quarterstaff "Undertaker" {protect,
                  | Int+3}
 56123 | Vaults:4 | Noticed Zenata
 56129 | Vaults:4 | Killed Zenata
 56130 | Vaults:4 | Reached XP level 23. HP: 210/235 MP: 38/47
 56663 | Vaults:4 | Reached XP level 24. HP: 244/244 MP: 47/47
 56674 | Vaults:4 | Learned a level 9 spell: Polar Vortex
 56676 | Vaults:5 | Entered Level 5 of the Vaults
 56676 | Vaults:5 | Noticed an ancient lich
 56686 | Vaults:5 | Killed an ancient lich
 56808 | Vaults:5 | Noticed an ancient lich
 56816 | Vaults:5 | Killed an ancient lich
 57387 | Vaults:5 | Noticed a dread lich
 57394 | Vaults:5 | Killed a dread lich
 58068 | Vaults:5 | Got a silver rune of Zot
 58200 | Vaults:5 | Got the Volume of the Valley
 58276 | Vaults:5 | Identified the amulet "Zagi" {Acrobat Rampage rPois Will+}
 58899 | Vaults:5 | Noticed Margery
 59262 | Vaults:5 | Reached XP level 25. HP: 241/252 MP: 48/48
 59334 | Vaults:5 | Killed Margery
 59743 | Vaults:5 | Identified the +0 ring mail of Supple Strength {rN+ Slay+4}
 60335 | Depths:1 | Entered Level 1 of the Depths
 60385 | Depths:1 | Found Zaulub's Armour Boutique.
 60385 | Depths:1 | Found Viykuon's Antique Armour Shop.
 60386 | Depths:1 | Found Jusiyvvy's Antique Armour Boutique.
 60403 | Depths:1 | Found Fotrodi's Antique Weapon Shop.
 61634 | Depths:1 | Found a one-way gate to the infinite horrors of the Abyss.
 61911 | Depths:1 | Found a gateway to Hell.
 62065 | Depths:1 | Found a one-way gate leading to the halls of Pandemonium.
 62360 | Depths:1 | Found a bloodstained altar of Trog.
 62841 | Depths:2 | Found a transporter.
 62861 | Depths:2 | Found a transporter.
 62893 | Depths:2 | Found a stormy altar of Qazlal.
 63516 | Depths:2 | Noticed a juggernaut
 63523 | Depths:2 | Killed a juggernaut
 63919 | Depths:2 | Identified the +0 dagger "Suedoe" {elec, *Noise Will+ SInv}
 63994 | Depths:2 | Got the Meditations on Direction
 64096 | Depths:2 | Noticed Fioturpheude's ghost (adept DjCj)
 64098 | Depths:2 | Found the +9 staff of Olgreb {rPois∞}
 64390 | Depths:2 | Found a runed translucent gate.
 64390 | Depths:2 | Found a runed translucent gate.
 64390 | Depths:2 | Found a runed translucent gate.
 64435 | Depths:2 | Found a transporter.
 64469 | Depths:2 | Found a transporter.
 64621 | Depths:2 | Found Beat's Magic Scroll Shop.
 64964 | Depths:2 | Killed Fioturpheude's ghost
 65032 | Depths:2 | Got the ring "Qekoid" {Fire Str+5}
 65433 | Depths:3 | Found a magical portal.
 65648 | WizLab   | Entered Eringya's Formal Garden
 65884 | WizLab   | Reached XP level 26. HP: 186/261 MP: 47/49
 66385 | WizLab   | Found a blossoming altar of Fedhas.
 66732 | Depths:3 | Found a corrupted altar of Lugonu.
 67553 | Depths:3 | Noticed a dread lich
 67559 | Depths:3 | Killed a dread lich
 67633 | Depths:3 | Identified the +2 leather armour of Feuguire {MP+9 Int+4}
 68638 | Depths:4 | Entered Level 4 of the Depths
 68887 | Depths:4 | Noticed Parghit
 69643 | Depths:4 | Killed Parghit
 70298 | Depths:4 | Found a runed translucent door.
 70315 | Depths:4 | Found a runed translucent door.
 70341 | Depths:4 | Found a runed translucent door.
 70364 | Depths:4 | Found a runed translucent door.
 70388 | Depths:4 | Found a runed translucent door.
 70413 | Depths:4 | Found a gate to the Realm of Zot.
 70524 | Depths:4 | Found a runed translucent door.
 70666 | Depths:4 | Found a shimmering altar of Xom.
 70668 | Depths:4 | Found a shimmering altar of Xom.
 70668 | Depths:4 | Found a shimmering altar of Xom.
 70669 | Depths:4 | Found a shimmering altar of Xom.
 70669 | Depths:4 | Found a shimmering altar of Xom.
 70670 | Depths:4 | Found a shimmering altar of Xom.
 70671 | Depths:4 | Found a shimmering altar of Xom.
 70681 | Depths:4 | Reached XP level 27. HP: 268/268 MP: 49/52
 70687 | Depths:4 | Found a one-way gateway to a ziggurat.
 71287 | Crypt:1  | Entered Level 1 of the Crypt
 71470 | Crypt:1  | Reached skill level 1 in Axes
 71507 | Crypt:1  | Noticed Sojobo
 71513 | Crypt:1  | Killed Sojobo
 72334 | Crypt:1  | Noticed Frederick
 72341 | Crypt:1  | Killed Frederick
 73326 | Crypt:2  | Found a runed translucent gate.
 73326 | Crypt:2  | Found a runed translucent gate.
 73327 | Crypt:2  | Found a runed translucent gate.
 73327 | Crypt:2  | Identified the +7 morningstar "Hydrabane" {venom, Fly}
 73338 | Crypt:2  | Identified the ring of Egus {rF- rC+ rN++ Dex+9 SInv}
 73389 | Crypt:2  | Noticed Woadakig's ghost (veteran FoFi)
 73389 | Crypt:2  | Identified the +5 ring mail of Honour {rPois Slay-5 Stlth+}
 73395 | Crypt:2  | Found an iron altar of Okawaru.
 73672 | Crypt:2  | Found a shimmering blue altar of Sif Muna.
 74272 | Crypt:2  | Killed Woadakig's ghost
 74408 | Crypt:2  | Reached skill level 5 in Axes
 74485 | Crypt:3  | Entered Level 3 of the Crypt
 74485 | Crypt:3  | Found a staircase to the Tomb.
 75108 | Crypt:3  | Acquired the +8 frozen axe "Frostbite" {freeze, freezing
                  | cloud, *Noise Fly rC+}
 75108 | Crypt:3  | Found the +8 frozen axe "Frostbite" {freeze, freezing
                  | cloud, *Noise Fly rC+}
 76746 | Crypt:3  | Identified the +1 pair of gloves "Egoigh" {+Blink rElec
                  | Str+8 Slay-2}
 76907 | Crypt:3  | Found the +5 Storm Queen's Shield {shock, Fly rElec}
 76911 | Crypt:3  | Found the +5 scythe "Finisher" {speed, execute}
 77339 | Slime:1  | Entered Level 1 of the Pits of Slime
 77793 | Slime:1  | Acquired 1142 gold pieces
 78541 | Slime:2  | You are sucked into a shaft and drop 1 floor!
 79914 | Slime:3  | Gained mutation: You are weak. (Str -2) [a shining eye]
 81162 | Slime:5  | Entered Level 5 of the Pits of Slime
 81341 | Slime:5  | Reached skill level 27 in Spellcasting
 81377 | Slime:5  | Noticed the Royal Jelly
 81386 | Slime:5  | Killed the Royal Jelly
 81387 | Slime:5  | Reached skill level 10 in Axes
 81451 | Slime:5  | Found the +3 Elemental Staff {rElec rF+ rC+ AC+3}
 81561 | Slime:5  | Identified the +1 falchion "Lonath" {flame, rCorr SInv}
 81599 | Slime:5  | Got the Teachings on Gelid Momentum
 81608 | Slime:5  | Got the Spellbook of the Ashen Union
 81614 | Slime:5  | Identified the +4 war axe "Noir" {flame, rElec Dex+3}
 81636 | Slime:5  | Identified the +5 plate armour of Semnanir {rF+ rC+}
 81651 | Slime:5  | Got a slimy rune of Zot
 81664 | Slime:5  | Identified the +7 short sword "Behelixt" {protect, rF++
                  | Int+2 Dex+3}
 82702 | D:10     | You showed the slimy rune of Zot to enter a treasure trove
 82703 | Trove    | Entered a treasure trove
 82745 | Trove    | Got Sif Muna's Folio of Fetid Displacement
 82914 | Orc:1    | Bought the +6 lightning scales {swift, rElec} for 1675 gold
                  | pieces
 82914 | Orc:1    | Found the +6 lightning scales {swift, rElec}
 83121 | Zot:1    | Entered Level 1 of the Realm of Zot
 83319 | Orc:1    | Acquired 1049 gold pieces
 83540 | Crypt:3  | Identified the +6 plate armour of Weirdness {rElec rF-
                  | Regen+}
 83557 | Crypt:3  | Identified the +7 broad axe of the Old World {drain, Dex+6}
 86873 | Zot:2    | Noticed an orb of fire
 86873 | Zot:2    | Gained mutation: You are somewhat resistant to further
                  | mutation. [an orb of fire]
 86874 | Zot:2    | Gained mutation: You are dopey. (Int -2) [an orb of fire]
 86878 | Zot:2    | Killed an orb of fire
 87018 | Zot:2    | Identified the ring "Ysem" {Will+ Dex+4}
 88786 | Zot:3    | Reached skill level 15 in Axes
 91115 | Zot:4    | Identified the +4 scimitar "Gurphy" {vamp, rPois Str-2
                  | Dex+6}
 92519 | Zig:1    | Entered Level 1 of a ziggurat
 92548 | Zig:2    | Entered Level 2 of a ziggurat
 92551 | Zig:2    | Noticed Tacleu the pandemonium lord
 92555 | Zig:2    | Killed Tacleu the pandemonium lord
 92568 | Zig:2    | Identified the +2 dagger "Moimp" {heavy, rF+ Str-4 Int+4}
 92846 | Zig:3    | Entered Level 3 of a ziggurat
 92898 | Zig:4    | Entered Level 4 of a ziggurat
 92903 | Zig:4    | Noticed a juggernaut
 92913 | Zig:4    | Killed a juggernaut
 92933 | Zig:4    | Identified the staff of fire "Tebreyn" {rF+ rC++ rN+++
                  | MP-9}
 92940 | Zig:4    | Identified the ring "Niuwk" {rN+ Stlth+}
 92960 | Zig:5    | Entered Level 5 of a ziggurat
 92989 | Zig:5    | Identified the staff of fire "Udejan" {rF+ Int+3}
 92991 | Zig:5    | Identified the +8 trident "Jonad" {heavy, Str+3}
 92992 | Zig:5    | Identified the staff of death "Bufumel" {rPois rC+ rN+
                  | Int-3 Dex+8 SInv}
 93026 | Zig:6    | Entered Level 6 of a ziggurat
 93067 | Zig:6    | Identified the staff of air "Ufeupt" {rElec Str+2 SInv}
 93107 | Zig:7    | Entered Level 7 of a ziggurat
 93199 | Zig:8    | Entered Level 8 of a ziggurat
 93205 | Zig:8    | Noticed Jicwio the pandemonium lord
 93213 | Zig:8    | Killed Jicwio the pandemonium lord
 93236 | Zig:8    | Identified the ring of Propriety {rPois rC+ rCorr Int+6
                  | Dex+4}
 93275 | Zig:9    | Entered Level 9 of a ziggurat
 93293 | Zig:9    | Reached skill level 1 in Armour
 93316 | Zig:9    | Identified the +1 leather armour of the Endless Expanse
                  | {rN+ Regen+ rCorr}
 93353 | Zig:10   | Entered Level 10 of a ziggurat
 93369 | Zig:10   | Paralysed by you for 5 turns
 93411 | Zig:10   | Identified the ring of Vyppodoj {Will+ MP+9 Int-2 Stlth+}
 93557 | Zig:11   | Entered Level 11 of a ziggurat
 93592 | Zig:11   | Identified the staff of death "Pocs" {Fly rPois rF+ rN+}
 93593 | Zig:11   | Identified the +0 quarterstaff of Wisdom {heavy, Dex+2}
 93668 | Zig:12   | Entered Level 12 of a ziggurat
 93678 | Zig:12   | Paralysed by an air elemental for 1 turns
 93715 | Zig:12   | Identified the +5 glaive "Killer Bee's Doom" {heavy, rC+++
                  | rN+ Will++}
 93718 | Zig:12   | Identified the +2 war axe "Caplec" {heavy, Fragile Int+9
                  | Dex-3 Stlth+}
 93752 | Zig:12   | Got the Tractate on Diablerie
 93863 | Zig:13   | Entered Level 13 of a ziggurat
 93917 | Zig:13   | Identified the amulet "Meramp" {Regen+ Int+6}
 93926 | Zig:13   | Reached skill level 5 in Armour
 93927 | Zig:13   | Reached skill level 5 in Dodging
 93930 | Zig:13   | Identified the +8 morningstar of Ru's Regard {freeze, rPois
                  | Will- Str-2 SInv}
 93979 | Zig:14   | Entered Level 14 of a ziggurat
 93988 | Zig:14   | Found the +5 Lochaber axe {reach-cleave, Poleaxe Drain}
 93989 | Zig:14   | Found the +8 Vampire's Tooth {megavamp}
 94061 | Zig:14   | Identified the ring of Miracles {Contam rPois Str+3 Dex+2}
 94103 | Zig:15   | Entered Level 15 of a ziggurat
 94139 | Zig:15   | Noticed Rino the pandemonium lord
 94162 | Zig:15   | Killed Rino the pandemonium lord
 94536 | Zig:15   | Identified the ring of Nemo {rPois MP+9 Slay+4 SInv Stlth-}
 94544 | Zig:15   | Identified the ring "Qaoff" {rC+ rCorr Str+5 SInv}
 94578 | Zig:16   | Entered Level 16 of a ziggurat
 94656 | Zig:16   | Identified the +3 whip of the Scars {pain, rF+ Int+2 Dex+4}
 94667 | Zig:16   | Identified the amulet "Qozarer" {RegenMP rElec Str+6
                  | Slay-6}
 94749 | Zig:17   | Entered Level 17 of a ziggurat
 94760 | Zig:17   | Paralysed by an air elemental for 1 turns
 94768 | Zig:17   | Reached skill level 27 in Fighting
 94844 | Zig:17   | Identified the +7 shortbow of Ambiguity {flame, Dex+4}
 95055 | Zig:18   | Entered Level 18 of a ziggurat
 95064 | Zig:18   | Noticed a royal mummy
 95070 | Zig:18   | Noticed a royal mummy
 95072 | Zig:18   | Noticed a royal mummy
 95076 | Zig:18   | Noticed a royal mummy
 95079 | Zig:18   | Noticed a royal mummy
 95080 | Zig:18   | Noticed a royal mummy
 95081 | Zig:18   | Noticed a royal mummy
 95082 | Zig:18   | Killed a royal mummy
 95092 | Zig:18   | HP: 19/447 [royal mummy/divine providence (12)]
 95093 | Zig:18   | HP: 7/447 [emperor scorpion[a royal mummy] (15)]
 95098 | Zig:18   | HP: 13/447 [ushabti] (5)]
 95098 | Zig:18   | HP: 4/447 [emperor scorpion[a royal mummy] (10)]
 95098 | Zig:18   | Slain by an emperor scorpion

Illustrated notes

Levels and vault maps discovered:
D:1:      nicolae_arrival_somewhat_less_tricky_arrival, layout_basic
D:2:      layout_basic, nicolae_ecumenical_lake_church, uniq_jessica,
          uniq_robin, uniq_natasha
D:3:      layout_rooms, mainiacjoe_overflow_paths
D:4:      layout_basic, overflow_temple_1_default, mainiacjoe_overflow_brackets,
          lemuel_coloured_pillars_altar, old_standard_altar, grunt_ministairs_11
D:5:      layout_loops_corners, jmf_multi_god_temple2, temple_doors_cd,
          grunt_ministairs_1, kennysheep_nub, kennysheep_generic_room_6,
          uniq_pikel
D:6:      layout_basic, uniq_sigmund
D:7:      layout_gridville, grunt_tough_drop, uniq_prince_ribbit1
D:8:      layout_gridville
D:9:      layout_basic, lemuel_doored_altar, serial_shops, shop,
          ebering_ghost_gozag, corexii_corridor_pit, uniq_joseph
D:10:     wad_woods_stonehenge, layout_stronghold, general_overflow_altar,
          minmay_lair_entry_grove, nicolae_trove_entry_columns,
          amethyst_killhole, uniq_grum, uniq_fannar, uniq_urug
D:11:     layout_basic, uniq_sonja, uniq_lodul, uniq_nergalle
D:12:     layout_roguey, zombieorc1_lemuel, serial_bayou_ford_a
D:13:     gammafunk_indiana_jones, layout_irregular_city,
          ebering_ghost_inner_flame, uniq_frances
D:14:     layout_rooms, david_vaults_1, lemuel_crystal_altar
D:15:     grunt_enter_depths_giant_problem, layout_basic, grunt_decor_clamped,
          portal_ice_cave_entry_dragon, elyvilon_altar_3
Temple:   nicolae_temple_god_jail
Lair:1:   layout_loops_ring, grunt_megastairs_3, uniq_amaemon, uniq_gastronok
Lair:2:   layout_hall_layers, palyth_hydra_swamp_entry
Lair:3:   layout_cave_pods, hellmonk_spider_entry_not_the_bees
Lair:4:   layout_cellular_growth, minmay_slime_entry_pillars
Lair:5:   due_jungle_book, layout_loops_ring, special_room [special_room_bee]
Swamp:1:  layout_basic_swamp, evilmike_swamp_ruin_rubble_2
Swamp:2:  nicolae_swamp_husk_halls, layout_falls_marsh,
          nicolae_swamp_ascending_descending, swamp_pool5,
          nicolae_swamp_hydra_murder_den, uniq_roxanne
Swamp:3:  cheibrodos_swamp_monstrosity, layout_falls_marsh,
          hellmonk_ghost_happy_afterlife, nicolae_swamp_treefoil
Swamp:4:  swamp, layout_basic_swamp, infiniplex_staircase_pool
Spider:1: layout_spider_delve
Spider:2: layout_spider_delve
Spider:3: layout_spider_delve, drop_trap
Spider:4: grunt_spider_rune_parallel, uniq_mara
Slime:1:  layout_caves, nicolae_slime_barrier,
          cheibrodos_slime_lost_civilization_5
Slime:2:  cheibrodos_slime_lost_civilization_9, layout_caves
Slime:3:  layout_caves, special_room [special_room_jelly],
          cheibrodos_slime_lost_civilization_4
Slime:4:  layout_caves
Slime:5
Orc:1:    layout_caves, trog_butcher_becter
Orc:2:    st_orc_elflike, layout_caves, serial_shops, nicolae_shop_crystal
Elf:1:    minmay_elf_arrival_plus, layout_loops_cross,
          portal_desolation_entry_salt, serial_shops,
          nicolae_shop_pleasant_corner_grove, minmay_elf_sorcery,
          grunt_ministairs_3, nicolae_elf_blasts_and_bolts, uniq_aizul
Elf:2:    nicolae_elf_blades_splatter_lattice [mumra_blade_entry_bloodbath],
          layout_rooms, serial_shops, shop, nicolae_elf_theology_debate
Elf:3:    elf_hall_gauntlet_narrow, layout_loops_ring,
          nicolae_elf_variegated_diamond, uniq_nikola
Vaults:1: v_misc_2, v_misc_11, nicolae_vaults_frosty_reception, v_misc_3,
          nicolae_vaults_closet_pinwheel_3, ontoclasm_vaults_spin,
          ontoclasm_vaults_claustrophobia, nicolae_vaults_c_with_doors,
          nicolae_vaults_storage_room_doors, nicolae_vaults_tetromino_Z_1,
          nicolae_vaults_tetromino_Z_2, nicolae_vaults_little_squares_6,
          nicolae_vaults_house_1, nicolae_vaults_rhombus_5,
          nicolae_vaults_ring_of_whatevers, layout_vaults_ring, uniq_asterion,
          uniq_donald
Vaults:2: dpeg_vaults_pockets_of_resistance, nicolae_vaults_network_star,
          minmay_crypt_entry_simple_box, nicolae_vaults_sesquioval_fish,
          v_misc_22, nicolae_vaults_theta, nicolae_vaults_asterisk,
          vaults_dpeg_hooks, vaults_mumra_minichess,
          nicolae_vaults_border_crossing, layout_vaults_chaotic_city
Vaults:3: hangedman_vaults_stretched_pinwheel, vaults_room_octagon, st_cells,
          nicolae_vaults_door_testing_chamber, nicolae_vaults_gold_heap,
          layout_vaults_omnigrid
Vaults:4: nicolae_vaults_trapezoid_lopsided_2, vaults_dpeg_diagonal,
          nicolae_vaults_angled_halls, v_misc_26, v_misc_28, v_misc_30,
          nicolae_vaults_double_plus_1, ontoclasm_vaults_ligature,
          grunt_vaults_hallway_short, nicolae_vaults_bisected_exclaves,
          layout_vaults_omnicross, uniq_zenata
Vaults:5: serial_shops, uniq_margery
Crypt:1:  layout_catacombs, uniq_grunn, uniq_frederick, uniq_sojobo
Crypt:2:  layout_basic, gammafunk_ghost_fury_of_okawaru, minmay_misc_feat_alley,
          hangedman_summoners_spam
Crypt:3:  due_elkab, layout_chaotic_city, grunt_ministairs_10,
          nicolae_crypt_small_crypt
Depths:1: layout_honeycomb, minmay_misc_feat_more_columns,
          rand_demon_pan_entry_9, abyss_entry_glasseish, hell_entry,
          evilmike_spriggan_trog_shrine, minmay_shoptagon
Depths:2: minmay_tile_spiral, layout_basic, hangedman_coc_ice_floe,
          gammafunk_ghost_icy, serial_shops, nicolae_shop_rolled_up, pan_entry,
          nicolae_qazlal_general_emergency, nicolae_diode_intersection,
          serial_bayou_shore_b
Depths:3: minmay_nested_s, layout_gridville, abyss_entry_flame_altar,
          grunt_hell_entry_dis_grunt, minmay_holes, mu_enter_wizlab_1,
          infiniplex_staircase_pillars_2
Depths:4: evilmike_zot_entry_castle, layout_gridlike, enter_ziggurat_e,
          nrook_mini_vaults, pf_hell_entry_tar_river, xom_redecorated,
          uniq_parghit
Zot:1:    cheibrodos_zot_enchanting_chambers, layout_gridlike
Zot:2:    layout_cathedral_of_symmetry
Zot:3:    layout_cellular_growth, bh_zot_levy_curve,
          hangedman_zot_decor_scrapings
Zot:4:    hangedman_orp_of_zott, layout_basic, guppyfry_library_mini
Zig:18

Skill      XL: |  1  2  3  4  5  6  7  8  9 10 11 12 13 14 15 16 17 18 19 20 21 22 23 24 25 26 27 |
---------------+----------------------------------------------------------------------------------+-----
Spellcasting   | 3 4 5 6 8 9 11 12 14 15 16 19 20 21 22 25 27 | 27.0
Conjurations   | 5 6 8 10 11 13 14 16 17 18 | 18.2
Fighting       | 1 5 8 10 11 12 13 14 18 20 27 | 27.0
Ice Magic      | 10 15 19 22 23 24 26 | 26.0
Axes           | 20 | 20.1
Armour         | 8 |  8.2
Dodging        | 8 |  8.0
Fire Magic     | 2 |  2.6
Stealth        | |  3.0

Action                     |  1- 3 |  4- 6 |  7- 9 | 10-12 | 13-15 | 16-18 | 19-21 | 22-24 | 25-27 || total
---------------------------+-------+-------+-------+-------+-------+-------+-------+-------+-------++-------
  Melee: Dagger            |       |     2 |       |       |       |       |       |       |       ||     2
         Falchion          |       |       |     5 |    13 |       |       |       |       |       ||    18
         Whip              |       |       |     1 |       |   147 |    27 |       |       |       ||   175
         Hand axe          |       |       |       |       |    17 |       |       |       |       ||    17
         Constrict         |       |       |       |       |    27 |    21 |    43 |    16 |    81 ||   188
         Punch             |       |       |       |       |     6 |     1 |     7 |     1 |     9 ||    24
         Staff             |       |       |       |       |       |   120 |    22 |       |   179 ||   321
         Broad axe         |       |       |       |       |       |       |   180 |   111 |   304 ||   595
         Executioner's axe |       |       |       |       |       |       |       |       |   190 ||   190
   Fire: Arbalest          |       |       |       |       |    25 |       |       |       |       ||    25
   Cast: Magic Dart        |    57 |    31 |    25 |    23 |    10 |     3 |     3 |       |     5 ||   157
         Searing Ray       |     3 |    25 |    43 |    71 |    42 |     3 |     4 |     1 |     1 ||   193
         Iskenderun's Myst |       |       |     4 |    11 |    61 |    20 |    16 |     8 |    12 ||   132
         Fulminant Prism   |       |       |     1 |    18 |     9 |     1 |       |       |       ||    29
         Stone Arrow       |       |       |       |    90 |     7 |       |     5 |     2 |    13 ||   117
         Flame Wave        |       |       |       |    16 |     2 |       |       |       |       ||    18
         Orb of Destructio |       |       |       |    16 |   410 |   465 |   496 |   211 |   869 ||  2467
         Freezing Cloud    |       |       |       |       |     4 |    12 |    16 |    14 |     3 ||    49
         Mephitic Cloud    |       |       |       |       |       |     4 |       |       |       ||     4
         Irradiate         |       |       |       |       |       |    11 |    67 |    18 |   147 ||   243
         Ozocubu's Refrige |       |       |       |       |       |       |    90 |    56 |   211 ||   357
         Ozocubu's Armour  |       |       |       |       |       |       |     1 |       |     1 ||     2
         Polar Vortex      |       |       |       |       |       |       |       |     7 |   155 ||   162
 Invoke: Call Merchant     |       |       |       |       |     5 |     1 |     2 |       |     8 ||    16
Ability: Spit Poison       |    17 |    31 |    26 |    44 |    25 |     5 |    12 |     1 |     3 ||   164
  Evoke: Wand              |       |       |     1 |     3 |     8 |     5 |       |       |     6 ||    23
         Phial of floods   |       |       |       |       |     2 |       |       |       |       ||     2
         Lightning rod     |       |       |       |       |       |     7 |     4 |       |     6 ||    17
         Phantom mirror    |       |       |       |       |       |       |       |       |     1 ||     1
    Use: Scroll            |       |       |     9 |     7 |     8 |    19 |    16 |     2 |    14 ||    75
         Potion            |       |       |       |     3 |     1 |    11 |     1 |     2 |    36 ||    54
   Stab: Confused          |       |       |       |       |       |     2 |       |       |       ||     2
         Distracted        |       |       |       |       |       |     1 |     1 |       |     5 ||     7
         Sleeping          |       |       |       |       |       |       |       |     1 |       ||     1
 Armour: Robe              |       |     4 |    20 |    82 |   169 |   109 |       |       |       ||   384
         Animal skin       |       |       |       |       |       |    99 |   401 |   186 |  1253 ||  1939
         Skin              |       |       |       |       |       |       |       |       |   134 ||   134
  Dodge: Dodged            |       |    10 |    24 |    78 |   175 |   157 |   161 |    80 |   493 ||  1178
